 Dungeon Crawl Stone Soup version 0.31-a0-819-gf6de2f5ab6 (webtiles) character file.

Game seed: 7186602736396262216

256345 Joey1 the Warrior (level 19, -1/185 HPs)
             Began as a Minotaur Berserker on Sept 23, 2023.
             Was the Champion of Trog.
             Slain by a +0 halberd of freezing (5 damage)
             ... on level 2 of the Elven Halls.
             The game lasted 01:37:22 (42606 turns).

Joey1 the Warrior (Minotaur Berserker)             Turns: 42606, Time: 01:37:22

Health: -1/185     AC: 26    Str: 29    XL:     19   Next: 7%
Magic:  18/18      EV:  9    Int:  6    God:    Trog [******]
Gold:   1829       SH:  0    Dex: 11    Spells: 18/18 levels left

rFire   + . .        a - +3 broad axe (spect)
rCold   + . .        p - +8 tower shield {rC+}
rNeg    + . .        W - +1 plate armour {rPois}
rPois   +            S - +2 hat
rElec   +            M - +0 cloak {Will+}
rCorr   +            T - +2 pair of gloves {hurl}
SInv    +            U - +1 pair of boots "Ymyg" {rElec rCorr Int+2}
Will    ++++.        m - amulet "Veabelon" {Reflect rElec Slay+2 SH+5} Stlth
                     O - ring "Sieco" {rF+ rN+ Will++ SInv}
HPRegen 0.50/turn    (no ring)
MPRegen 0.16/turn

%: reflection
@: confused, ambrosia-drunk, studying Armour
A: horns 2, retaliatory headbutt
}: 2/15 runes: serpentine, barnacled
a: Renounce Religion, Berserk, Trog's Hand, Brothers in Arms


You were on level 2 of the Elven Halls.
You worshipped Trog.
Trog was exalted by your worship.
You visited 7 branches of the dungeon, and saw 33 of its levels.
You also visited: Sewer and Gauntlet.

You collected 4512 gold pieces.
You spent 2683 gold pieces at shops.

Inventory:

Hand Weapons
 a - a +3 spectral broad axe (weapon)
 G - the +8 trishula "Condemnation" {holy, anguish, *Noise Fly rN+}
   (You found it on level 5 of the Lair of Beasts)

   rN+:       It protects you from negative energy.
   Fly:       It grants you flight.
   *Noise:    It may make a loud noise when swung.
 Q - a +2 flail of protection
Missiles
 I - 16 javelins
 J - a throwing net
Armour
 p - a +8 tower shield of cold resistance (worn)
 M - a +0 cloak of willpower (worn)
 S - a +2 hat (worn)
 T - a +2 pair of gloves of hurling (worn)
 U - the +1 pair of boots "Ymyg" (worn) {rElec rCorr Int+2}
   (You acquired it on level 2 of the Lair of Beasts)

   Int+2:     It affects your intelligence (+2).
   rElec:     It insulates you from electricity.
   rCorr:     It protects you from acid and corrosion.
 W - a +1 plate armour of poison resistance (worn)
Jewellery
 m - the amulet "Veabelon" (around neck) {Reflect rElec Slay+2 SH+5}
   (You bought it in a shop on level 2 of the Orcish Mines)

   [amulet of reflection]

   Reflect:   It reflects blocked missile attacks.
   Slay+2:    It affects your accuracy & damage with ranged weapons and melee
   (+2).
   rElec:     It insulates you from electricity.
   SH+5:      It affects your SH (+5).
 w - a ring of protection from fire
 x - a ring of protection from cold
 O - the ring "Sieco" (left hand) {rF+ rN+ Will++ SInv}
   (You bought it in a shop on level 2 of the Orcish Mines)

   [ring of protection from fire]

   rF+:       It protects you from fire.
   rN+:       It protects you from negative energy.
   Will++:    It greatly increases your willpower.
   SInv:      It lets you see invisible.
 R - a ring of willpower
Wands
 d - a wand of flame (40)
 i - a wand of roots (26)
 s - a wand of mindburst (49)
 y - a wand of polymorph (31)
 A - a wand of charming (22)
Scrolls
 c - 11 scrolls of teleportation
 e - 4 scrolls of revelation
 f - 6 scrolls of poison
 g - 10 scrolls of fog
 j - 7 scrolls of blinking
 k - 4 scrolls of butterflies
 r - 7 scrolls of noise
 u - 4 scrolls of vulnerability
 F - a scroll of silence
 H - 9 scrolls of fear
 K - a scroll of torment
 P - 3 scrolls of immolation
 X - a scroll of brand weapon
Potions
 b - 2 potions of invisibility
 h - 5 potions of heal wounds
 l - 6 potions of might
 o - 5 potions of resistance
 q - 2 potions of lignification
 v - 2 potions of brilliance
 z - 12 potions of enlightenment
 B - 5 potions of berserk rage
 C - 2 potions of haste
 E - 9 potions of curing
 N - 5 potions of mutation
 Y - 5 potions of ambrosia
 Z - a potion of cancellation
Miscellaneous
 n - a phantom mirror
 t - a tin of tremorstones (2/2)
 D - a sack of spiders
 L - a phial of floods
 V - a lightning rod (4/4)


   Skills:
 - Level 20.0 Fighting
 - Level 20.0 Axes
 - Level 7.2 Throwing
 + Level 11.9 Armour
 - Level 5.0 Dodging
 - Level 20.0 Shields
 + Level 17.5 Evocations


You had 18 spell levels left.
You didn't know any spells.
Your spell library was empty.

Dungeon Overview and Level Annotations

Branches:
Dungeon (15/15)            Temple (1/1) D:5            Lair (5/5) D:10
 Shoals (4/4) Lair:3        Snake (4/4) Lair:3        Slime (0/5) Lair:5
    Orc (2/2) D:12            Elf (2/3) Orc:2        Vaults (0/5) D:14
 Depths (0/4) D:15          Sewer (visited)         Gauntlet (visited)

Altars:
Ashenzari
Cheibriados
Dithmenos
Elyvilon
Fedhas
Gozag
Hepliaklqana
Kikubaaqudgha
Makhleb
Nemelex Xobeh
Okawaru
Qazlal
Ru
Sif Muna
Trog
Uskayaw
Vehumet
Wu Jian
Xom
Yredelemnul
Zin
The Shining One
Jiyva

Shops:
Orc:2 ?*(=:*[*   Elf:1 !   Shoals:3 ?   Snake:2 ((   Snake:3 *

Annotations:
D:5 1 runed translucent door, Age's ghost, novice MiFi
D:7 2 transporters, Skeral's ghost, novice TrSh
Elf:2 Zenata


Innate Abilities, Weirdness & Mutations

You have a pair of horns on your head.
You reflexively headbutt those who attack you in melee.


Message History

* * * LOW HITPOINT WARNING * * *
A deep elf knight comes into view. It is wielding a +0 long sword.
The fire elemental hits you. The fire elemental burns you! You resist.
* * * LOW HITPOINT WARNING * * *
A +2 double sword of flaming comes into view.
The fire elemental hits you. The fire elemental burns you! You resist.
* * * LOW HITPOINT WARNING * * *
The deep elf pyromancer mumbles some strange words.
The deep elf pyromancer casts a spell.
The deep elf pyromancer blinks!
A +1 heavy battleaxe comes into view.
The fire elemental hits you. The fire elemental burns you! You resist.
* * * LOW HITPOINT WARNING * * *
The fire elemental hits you. The fire elemental burns you! You resist.
* * * LOW HITPOINT WARNING * * *
The fire elemental hits you. The fire elemental burns you! You resist.
* * * LOW HITPOINT WARNING * * *
The +0 halberd of freezing hits you from afar.
* * * LOW HITPOINT WARNING * * *
The deep elf zephyrmancer gestures wildly while chanting.
The deep elf zephyrmancer blinks!
The deep elf pyromancer casts a spell at you.
The bolt of fire hits the fire elemental.
The fire elemental completely resists.
The bolt of fire hits you! You resist.
* * * LOW HITPOINT WARNING * * *
The bolt of fire hits the +3 dire flail of protection.
The +3 dire flail of protection resists.
The deep elf knight casts a spell.
The deep elf knight flickers and vanishes for a moment.
The deep elf zephyrmancer gestures at you while chanting.
The bolt of lightning hits you! You resist.
* * * LOW HITPOINT WARNING * * *
The bolt of lightning hits the fire elemental!
The fire elemental resists.
The fire elemental closely misses you.
The +4 scimitar of draining completely misses you.
The fire elemental hits you.
The +3 dire flail of protection hits you!
* * * LOW HITPOINT WARNING * * *
The +0 halberd of freezing hits you from afar.
You die...

.#.........#.
.#...........#.
#.....e.......#
#....e...(....##.
#e....(..§..#..#.
#.......(.#....#.
#(...e..#......#.
#E(...#........#.
....°#@(.#..........#
.....§E###............
......° #............
...e... #............
......#...#..........#
.....#.....#........#
....#.......#......#..
...#.........#....#...
..........#..#....


You could see 2 deep elf knights, 2 deep elf pyromancers, a deep elf
zephyrmancer, 2 fire elementals and 6 dancing weapons.

Vanquished Creatures
  Saint Roka (Snake:4)
  Nikola (Shoals:1)
  Jorgrun (Lair:3)
  Asterion (Snake:3)
  Frances (Shoals:2)
  Donald (Shoals:2)
  4 nagarajas
  The ghost of Sevouk the Black Belt, a journeyman MeSh of Okawaru (Shoals:2)
  A deep elf demonologist (Elf:2)
  A minotaur (Gauntlet)
  Snorg (Lair:4)
  7 merfolk javelineers
  8 merfolk impalers
  2 ice dragons (D:15)
  Fannar (D:11)
  A vault guard (D:14)
  9 hydras
  A rakshasa (D:14)
  10 centaur warriors
  5 salamander tyrants
  An ogre mage (D:13)
  An alligator snapping turtle (Shoals:4)
  A death knight (D:13)
  5 merfolk aquamancers
  4 merfolk avatars
  3 catoblepae (Lair:5)
  An anaconda (shapeshifter) (D:13)
  6 dancing weapons
  2 satyrs (Shoals:3)
  15 anacondas
  4 boulder beetles
  4 tengu warriors
  6 two-headed ogres
  15 naga warriors
  15 death yaks
  4 orc high priests (Orc:2)
  15 deep elf knights
  11 naga sharpshooters
  Sonja (Lair:2)
  5 shock serpents
  8 salamander mystics
  Amaemon (D:10)
  5 skysharks
  9 sea snakes
  7 skeletal warriors
  Lodul (D:13)
  A glowing orange brain (shapeshifter) (D:13)
  A wizard (D:13)
  5 naga ritualists
  A glowing orange brain (D:14)
  5 deep elf archers
  15 harpies
  An oklob plant (Snake:1)
  25 deep elf pyromancers
  An orc knight (D:11)
  19 deep elf zephyrmancers
  5 orc sorcerers
  8 mana vipers
  A cyclops (shapeshifter) (D:13)
  14 salamanders
  8 cyclopes
  21 manticores
  A salamander (shapeshifter) (D:11)
  10 ugly things
  8 fauns
  13 naga magi
  7 guardian serpents (Snake:4)
  34 black mambas
  A gargoyle (D:11)
  An orange demon (Lair:1)
  8 water nymphs
  5 merfolk sirens
  Maurice (D:9)
  2 torpor snails
  Joseph (D:9)
  10 cane toads
  An eye of devastation (shapeshifter) (D:13)
  Jeremiah (D:9)
  9 komodo dragons
  4 rime drakes
  A yaktaur (D:13)
  8 trolls
  2 wind drakes
  A meliai (D:13)
  2 hornets
  Prince Ribbit (D:6)
  35 merfolk
  Grinder (D:3)
  A hornet (shapeshifter) (D:14)
  3 polar bears
  A tyrant leech (shapeshifter) (D:13)
  19 blink frogs
  17 dream sheep
  8 snapping turtles
  An air elemental (Elf:2)
  16 slime creatures
  5 flying skulls (Gauntlet)
  Sigmund (D:3)
  3 wraiths
  2 shadows
  2 vampires
  13 water elementals
  3 wyverns
  2 fire elementals (Elf:1)
  48 yaks
  5 basilisks
  2 vampire mosquitoes (D:13)
  A steam dragon (D:9)
  2 wargs
  24 nagas
  An acid dragon (D:8)
  21 water moccasins
  2 ice beasts
  A swamp drake (D:12)
  21 orc warriors
  6 sky beasts
  12 ogres
  3 wolves (Lair:2)
  4 centaurs
  3 phantoms (D:5)
  7 kobold brigands
  10 bullfrogs
  3 wights (D:8)
  4 earth elementals
  4 killer bees (D:9)
  7 howler monkeys
  An electric eel (Lair:4)
  2 lava snakes (Snake:2)
  27 orc priests
  17 jellies
  A gnoll bouda (D:7)
  3 hounds
  An iguana (D:5)
  2 sleepcaps
  19 orc wizards
  Ijyb (D:5)
  7 gnolls
  6 adders
  A river rat (Sewer)
  A white imp (D:7)
  4 worms
  2 dart slugs
  68 orcs
  6 ball pythons
  6 bats
  2 endoplasms
  2 giant cockroaches (D:4)
  5 goblins
  3 hobgoblins
  3 jackals
  27 kobolds
  7 quokkas
  3 frilled lizards (D:1)
  11 rats
  A spectral weapon (Snake:3)
1034 creatures vanquished.

Vanquished Creatures (collateral kills)
  A centaur warrior (D:13)
  A two-headed ogre (D:13)
  A death scarab (Gauntlet)
  2 skeletal warriors (D:12)
  A flayed ghost (D:13)
  An efreet (D:13)
  A spectral black mamba (Gauntlet)
  A vampire (D:13)
9 creatures vanquished.

Vanquished Creatures (others)
  8 spectral weapons
8 creatures vanquished.

Grand Total: 1051 creatures vanquished

Notes
Turn   | Place    | Note
-------+----------+-------------------------------------------
     0 | D:1      | Joey1 the Minotaur Berserker began the quest for the Orb.
     0 | D:1      | Reached XP level 1. HP: 19/19 MP: 0/0
   257 | D:1      | Reached XP level 2. HP: 25/27 MP: 1/1
  1174 | D:2      | Reached ** piety under Trog
  1188 | D:2      | Reached XP level 3. HP: 18/33 MP: 2/2
  1803 | D:3      | You fall into a shaft and drop 2 floors!
  1803 | D:5      | Entered Level 5 of the Dungeon
  1803 | D:5      | Found a staircase to the Ecumenical Temple.
  1816 | D:5      | Noticed Ijyb
  1826 | Temple   | Entered the Ecumenical Temple
  1900 | D:5      | Reached XP level 4. HP: 27/40 MP: 3/3
  1907 | D:5      | Killed Ijyb
  1908 | D:5      | Reached skill level 5 in Axes
  2214 | D:5      | Noticed Age's ghost (novice MiFi)
  2217 | D:5      | Found a runed translucent door.
  2253 | D:5      | Reached XP level 5. HP: 17/47 MP: 4/4
  2443 | D:5      | Noticed a phantom
  2449 | D:5      | Killed a phantom
  2450 | D:5      | Reached skill level 5 in Fighting
  2481 | D:5      | Noticed a phantom
  2491 | D:5      | Killed a phantom
  2492 | D:5      | Reached XP level 6. HP: 48/56 MP: 5/5
  2968 | D:4      | Found a glowing drain.
  2972 | Sewer    | Entered a sewer
  2974 | Sewer    | Reached *** piety under Trog
  3044 | Sewer    | Reached XP level 7. HP: 57/61 MP: 6/6
  3115 | Sewer    | Found a white marble altar of Elyvilon.
  3513 | D:3      | Found a faded altar of an unknown god.
  3564 | D:3      | Noticed Grinder
  3580 | D:3      | Killed Grinder
  3581 | D:3      | Reached skill level 5 in Dodging
  3985 | D:3      | Noticed Sigmund
  3995 | D:3      | Killed Sigmund
  3996 | D:3      | Reached XP level 8. HP: 68/68 MP: 7/7
  4274 | D:5      | Reached skill level 10 in Axes
  5609 | D:6      | Noticed Prince Ribbit
  5663 | D:6      | Killed Prince Ribbit
  5664 | D:6      | Reached XP level 9. HP: 34/74 MP: 8/8
  6353 | D:7      | Found a transporter.
  6359 | D:7      | Noticed a troll
  6360 | D:7      | Noticed Skeral's ghost (novice TrSh)
  6419 | D:7      | Found a transporter.
  7195 | D:8      | Reached skill level 15 in Axes
  7196 | D:8      | Reached **** piety under Trog
  7770 | D:8      | Reached XP level 10. HP: 20/80 MP: 9/9
  8374 | D:9      | Noticed Jeremiah
  8398 | D:9      | Killed Jeremiah
  9132 | D:9      | Found a burning altar of Makhleb.
  9133 | D:9      | Found a hide-covered altar of Uskayaw.
  9178 | D:9      | Noticed Joseph
  9188 | D:9      | Killed Joseph
  9419 | D:9      | Reached skill level 10 in Fighting
  9453 | D:9      | Noticed a four-headed hydra
  9715 | D:9      | Found an ornate altar of the Wu Jian Council.
  9877 | D:9      | Found a basalt altar of Yredelemnul.
 10128 | D:9      | Killed a four-headed hydra
 10185 | D:9      | Noticed Maurice
 10191 | D:9      | Maurice stole a ring of protection from fire
 10192 | D:9      | Maurice stole a +1 flail
 10193 | D:9      | Maurice stole 249 gold
 10201 | D:9      | Maurice stole 237 gold
 10202 | D:9      | Killed Maurice
 10221 | D:10     | Entered Level 10 of the Dungeon
 10221 | D:10     | Noticed a death yak
 10221 | D:10     | Found a staircase to the Lair.
 10224 | D:10     | Noticed a death yak
 10224 | D:10     | Noticed a death yak
 10235 | D:9      | Killed a death yak
 10236 | D:9      | Reached XP level 11. HP: 104/104 MP: 10/10
 10471 | D:10     | Killed a death yak
 10793 | D:10     | Identified the +0 ring mail of the Scuffed God {Str+2}
 11094 | D:10     | Found an iron altar of Okawaru.
 11134 | D:10     | Identified the +3 ring mail "Hacan" {Str+3}
 11291 | D:10     | Killed a death yak
 11573 | Lair:1   | Entered Level 1 of the Lair of Beasts
 11573 | Lair:1   | Noticed Amaemon
 11653 | D:11     | Reached ***** piety under Trog
 12116 | D:11     | Noticed Fannar
 12150 | D:11     | Killed Fannar
 12151 | D:11     | Reached skill level 15 in Fighting
 12151 | D:11     | Reached skill level 1 in Evocations
 12798 | D:11     | Noticed a two-headed ogre
 12807 | D:11     | Identified the +0 robe "Naickeat" {Harm rF+++ Str-4}
 12831 | D:11     | Killed a two-headed ogre
 12837 | D:11     | Noticed a centaur warrior
 12842 | D:11     | Noticed a centaur warrior
 12852 | D:11     | Killed a centaur warrior
 12858 | D:11     | Reached XP level 12. HP: 59/122 MP: 11/11
 12859 | D:11     | Killed a centaur warrior
 13489 | D:12     | Reached skill level 5 in Evocations
 13626 | D:12     | Found a gate leading to a gauntlet.
 13635 | Gauntlet | Entered a Gauntlet
 13635 | Gauntlet | Found a transporter.
 13635 | Gauntlet | Found a transporter.
 13733 | Gauntlet | Found a transporter.
 13735 | Gauntlet | Found a transporter.
 13742 | Gauntlet | Found a runed translucent door.
 13744 | Gauntlet | Found a transporter.
 13746 | Gauntlet | Found a transporter.
 13762 | Gauntlet | Found a transporter.
 13762 | Gauntlet | Noticed a green death
 13772 | Gauntlet | Found a transporter.
 13773 | Gauntlet | Noticed a death scarab
 13775 | Gauntlet | Noticed a death scarab
 13777 | Gauntlet | Found a transporter.
 13778 | Gauntlet | Noticed a death scarab
 13780 | Gauntlet | Found a transporter.
 13782 | Gauntlet | Found a runed translucent gate.
 13782 | Gauntlet | Found a runed translucent gate.
 13783 | Gauntlet | Found a large runed translucent door.
 13783 | Gauntlet | Found a large runed translucent door.
 13784 | Gauntlet | Found a large runed translucent door.
 13785 | Gauntlet | Found a large runed translucent door.
 13786 | Gauntlet | Found a large runed translucent door.
 13786 | Gauntlet | Found a large runed translucent door.
 13786 | Gauntlet | Found a runed translucent door.
 13787 | Gauntlet | Found a large runed translucent door.
 13788 | Gauntlet | Found a large runed translucent door.
 13790 | Gauntlet | Found a transporter.
 13791 | Gauntlet | Found a runed translucent door.
 13791 | Gauntlet | Found a runed translucent gate.
 13793 | Gauntlet | Found a transporter.
 13829 | Gauntlet | Found a large runed translucent door.
 13830 | Gauntlet | Found a large runed translucent door.
 13831 | Gauntlet | Found a large runed translucent door.
 13831 | Gauntlet | Found a large runed translucent door.
 13832 | Gauntlet | Found a large runed translucent door.
 13833 | Gauntlet | Found a large runed translucent door.
 13834 | Gauntlet | Found a large runed translucent door.
 13834 | Gauntlet | Found a large runed translucent door.
 14130 | Gauntlet | Killed a death scarab
 14162 | Gauntlet | Identified the ring "Kaobuok" {rElec Will- SInv Stlth+}
 14183 | Gauntlet | Noticed a minotaur
 14191 | Gauntlet | Killed a minotaur
 14264 | Gauntlet | Identified the +8 shortbow of True Grit {antimagic, Str+4}
 14264 | Gauntlet | Identified the +2 triple crossbow "Mistarac" {elec, rF-
                  | Will- Dex+6}
 14596 | D:12     | Reached skill level 5 in Armour
 14944 | D:12     | Noticed a boulder beetle
 15527 | D:12     | Reached XP level 13. HP: 124/128 MP: 12/12
 15593 | D:12     | Reached skill level 1 in Throwing
 15723 | D:12     | Found a staircase to the Orcish Mines.
 16080 | Orc:1    | Entered Level 1 of the Orcish Mines
 16282 | Orc:2    | Entered Level 2 of the Orcish Mines
 16293 | Orc:2    | Found Afrab's Magic Scroll Emporium.
 16303 | Orc:2    | Bought a scroll of enchant weapon for 135 gold pieces
 16337 | Orc:2    | Found a staircase to the Elven Halls.
 17080 | Orc:2    | Found Felawiv's Jewellery Boutique.
 17080 | Orc:2    | Found Sereiwu's Assorted Antiques.
 17081 | Orc:2    | Found Zeveon's Book Shop.
 17085 | Orc:2    | Found Keduz's Weapon Boutique.
 17121 | Orc:2    | Bought a smoky dark potion for 19 gold pieces
 17449 | Orc:2    | Found Mupophes's Assorted Antiques.
 17464 | Orc:2    | Bought a white potion for 29 gold pieces
 17464 | Orc:2    | Bought a clear potion for 29 gold pieces
 17529 | Orc:2    | Found Zuguj's General Store.
 17552 | Orc:2    | Found Onia's Armour Emporium.
 18182 | Orc:2    | Bought a scroll of identify for 36 gold pieces
 18182 | Orc:2    | Bought a scroll of identify for 36 gold pieces
 18182 | Orc:2    | Bought a scroll of identify for 36 gold pieces
 18182 | Orc:2    | Bought a scroll of identify for 36 gold pieces
 18236 | Orc:2    | Bought the amulet "Veabelon" {Reflect rElec Slay+2 SH+5}
                  | for 943 gold pieces
 18828 | D:13     | Reached skill level 5 in Throwing
 19139 | D:13     | Reached skill level 10 in Armour
 19149 | D:13     | Received a gift from Trog
 19525 | D:13     | Noticed Lodul
 19541 | D:13     | Killed Lodul
 19542 | D:13     | Reached skill level 1 in Shields
 19542 | D:13     | Reached XP level 14. HP: 109/137 MP: 13/13
 19880 | Orc:2    | Bought the ring "Sieco" {rF+ rN+ Will++ SInv} for 979 gold
                  | pieces
 20560 | D:13     | Reached skill level 5 in Shields
 21406 | D:13     | Identified the +7 spear of Joey1's Destruction {drain,
                  | rElec Str-3 Dex+5 Stlth+}
 21886 | D:14     | Received a gift from Trog
 21897 | D:14     | Reached skill level 10 in Shields
 22699 | D:14     | Found a gate to the Vaults.
 22740 | D:15     | Entered Level 15 of the Dungeon
 23573 | D:15     | Found a broken altar of Ashenzari.
 23600 | D:15     | Found a staircase to the Depths.
 23941 | D:10     | Killed Amaemon
 24011 | Lair:1   | Reached XP level 15. HP: 150/150 MP: 14/14
 24229 | Lair:1   | Identified the +3 dagger of the Grave {flame, rC- Int+5}
 25022 | Lair:2   | Found the +18 Lear's hauberk
 25475 | Lair:2   | Identified a scroll of acquirement
 25580 | Lair:2   | Acquired the +1 pair of boots "Ymyg" {rElec rCorr Int+2}
 25634 | Lair:2   | Noticed Sonja
 25648 | Lair:2   | Killed Sonja
 25985 | Lair:3   | Identified the +1 war axe "Raustaxt" {freeze, Drain rCorr
                  | Int+7}
 26110 | Lair:3   | Found a staircase to the Shoals.
 26136 | Lair:3   | Received a gift from Trog
 26136 | Lair:3   | Found the +9 sword of Power {lifebolt}
 26338 | Lair:3   | You fall into a shaft and drop 2 floors!
 26338 | Lair:5   | Entered Level 5 of the Lair of Beasts
 26495 | Lair:5   | Found a viscous altar of Jiyva.
 26496 | Lair:5   | Found a staircase to the Slime Pits.
 27191 | Lair:5   | Found the +8 trishula "Condemnation" {holy, anguish, *Noise
                  | Fly rN+}
 27429 | Lair:5   | Reached skill level 10 in Evocations
 28039 | Lair:4   | Noticed Snorg
 28046 | Lair:4   | Killed Snorg
 28066 | Lair:4   | Reached ****** piety under Trog
 28334 | Lair:4   | Received a gift from Trog
 28824 | Lair:3   | Found a staircase to the Snake Pit.
 28835 | Lair:3   | Reached XP level 16. HP: 162/162 MP: 15/15
 29299 | Snake:1  | Entered Level 1 of the Snake Pit
 29299 | Snake:1  | Found a glowing silver altar of Zin.
 30473 | Snake:1  | Identified the +0 robe of Dice, Bag, and Bottle {Harm rC+
                  | rCorr Dex-3}
 30920 | Shoals:1 | Entered Level 1 of the Shoals
 30920 | Shoals:1 | Noticed Jorgrun
 31084 | Lair:3   | Killed Jorgrun
 31428 | Shoals:1 | Identified the +4 short sword "Killer Bee's Regret" {heavy,
                  | *Slow rElec rC+}
 32089 | Shoals:2 | You fall into a shaft and drop 1 floor!
 32438 | Shoals:2 | Noticed Donald
 32453 | Shoals:2 | Killed Donald
 32660 | Shoals:2 | Found a runed translucent door.
 32726 | Shoals:2 | Noticed Sevouk's ghost (journeyman MeSh)
 32734 | Shoals:2 | Killed Sevouk's ghost
 32968 | Shoals:2 | Identified the +10 trident of Qashryovao {flame, Contam Fly
                  | rPois Stlth+} (Trog gifted it to you on level 2 of the
                  | Shoals)
 32968 | Shoals:2 | Received a gift from Trog
 33130 | Shoals:2 | Noticed Nikola
 33133 | Shoals:2 | Noticed Frances
 33170 | Shoals:2 | Killed Frances
 33174 | Shoals:1 | Killed Nikola
 33226 | Shoals:2 | Reached skill level 15 in Shields
 33668 | Shoals:3 | Reached XP level 17. HP: 156/170 MP: 16/16
 33847 | Shoals:3 | Found Axkuram's Magic Scroll Boutique.
 34043 | Shoals:4 | Entered Level 4 of the Shoals
 35108 | Shoals:4 | Identified the +9 halberd "Sifaera" {heavy, *Slow rElec
                  | rPois Stlth+}
 35263 | Shoals:4 | Identified the +0 rapier of Terra Cotta {venom, rPois rC+
                  | SInv}
 35548 | Shoals:4 | Got a barnacled rune of Zot
 35623 | Shoals:3 | Bought a scroll of revelation for 120 gold pieces
 35623 | Shoals:3 | Bought 3 scrolls of fog for 192 gold pieces
 35623 | Shoals:3 | Bought a scroll of teleportation for 48 gold pieces
 36006 | Snake:2  | Received a gift from Trog
 36115 | Snake:2  | Found Kauvak's Weapon Emporium.
 36146 | Snake:2  | Found Riaduk's Antique Weapon Emporium.
 36332 | Snake:2  | Found an iron altar of Okawaru.
 36333 | Snake:2  | Identified the +0 robe of the Sparrow {Rampage rF+ Dex-3
                  | Archmagi}
 37287 | Snake:3  | Found a radiant altar of Vehumet.
 37305 | Snake:3  | Identified the +4 ring mail of the Shifting Gods {Dex+5
                  | Stlth+}
 37585 | Snake:3  | Found Sina's General Store.
 37585 | Snake:3  | Noticed Asterion
 37595 | Snake:3  | Killed Asterion
 37600 | Snake:3  | Reached XP level 18. HP: 112/178 MP: 17/17
 37607 | Snake:3  | Received a gift from Trog
 37778 | Snake:3  | Bought a potion of curing for 45 gold pieces
 38126 | Snake:4  | Entered Level 4 of the Snake Pit
 38297 | Snake:4  | Noticed Saint Roka
 38331 | Snake:4  | Killed Saint Roka
 39524 | Snake:4  | Reached skill level 15 in Evocations
 39884 | Snake:4  | Got a serpentine rune of Zot
 40217 | Elf:1    | Entered Level 1 of the Elven Halls
 40220 | Elf:1    | Received a gift from Trog
 41393 | Elf:1    | Found Ugaby's Distillery.
 41711 | Elf:2    | Received a gift from Trog
 41835 | Elf:2    | Acquired a manual of Armour
 42108 | Elf:2    | Reached XP level 19. HP: 174/185 MP: 18/18
 42135 | Elf:2    | Found a runed translucent gate.
 42135 | Elf:2    | Found a runed translucent gate.
 42141 | Elf:2    | Found a runed translucent gate.
 42283 | Elf:2    | Paralysed by an air elemental for 1 turns
 42570 | Elf:2    | Noticed Zenata
 42606 | Elf:2    | HP: 4/185 [+3 dire flail of protection (17)]
 42606 | Elf:2    | Slain by a +0 halberd of freezing

Illustrated notes

Levels and vault maps discovered:
D:1:      dpeg_arrival_yet_another_circle, layout_basic
D:2:      layout_basic
D:3:      layout_basic, shapermc_ecumenical_altar_gd,
          nicolae_figureground_sparkle, uniq_grinder, uniq_sigmund
D:4:      nicolae_cairo_tiling_very_big, layout_cave_pools,
          gup_sewer_entry_bowl, minmay_misc_feat_more_columns,
          corexii_corridor_pit
D:5:      layout_basic, minmay_temple_entry_mini_moons,
          hellmonk_ghost_happy_afterlife, uniq_ijyb
D:6:      layout_basic, item_on_display_a, uniq_prince_ribbit1
D:7:      layout_gridville, nzn_ghost_randoct, kennysheep_generic_room_12
D:8:      layout_cave_pools
D:9:      layout_loops_ring, nicolae_overflow_crystal_walls,
          gammafunk_temple_overflow_claw, uniq_maurice, uniq_jeremiah,
          uniq_joseph
D:10:     layout_roguey, mainiacjoe_overflow_chevrons, dpeg_lair_monsters,
          dreamdust_princess_bridge, kennysheep_generic_room_15
D:11:     layout_loops_ring, grunt_tough_drop, uniq_fannar
D:12:     layout_roguey, erik_orc_1, gauntlet_entry_generic
D:13:     minmay_the_grid_square_5x5_5x5 [minmay_the_grid_square_5x5_inner_i,
          minmay_the_grid_square_5x5_beaten_path,
          minmay_the_grid_square_5x5_half_checkered,
          minmay_the_grid_square_5x5_pentomino_r,
          minmay_the_grid_square_5x5_eight_small,
          minmay_the_grid_square_5x5_broken_cross,
          minmay_the_grid_square_5x5_prize_junk,
          minmay_the_grid_square_5x5_three_small,
          minmay_the_grid_square_5x5_prize_deathbox,
          minmay_the_grid_square_5x5_checkered_sparse,
          minmay_the_grid_square_5x5_one_wall,
          minmay_the_grid_square_5x5_minimal,
          minmay_the_grid_square_5x5_prize_snowflake,
          minmay_the_grid_square_5x5_tie, minmay_the_grid_square_5x5_comb,
          minmay_the_grid_square_5x5_doubleslash,
          minmay_the_grid_square_5x5_prize_pseudospiral,
          minmay_the_grid_square_5x5_minibox,
          minmay_the_grid_square_5x5_prize_monsterx,
          minmay_the_grid_square_5x5_two_walls_b,
          minmay_the_grid_square_5x5_inset,
          minmay_the_grid_square_5x5_bracketed,
          minmay_the_grid_square_5x5_shrine1, minmay_the_grid_square_5x5_two,
          minmay_the_grid_square_5x5_spiral], layout_basic, uniq_lodul
D:14:     layout_rooms, hellmonk_vaults_order_and_chaos
D:15:     grunt_enter_depths_hoard, layout_rooms, ashenzari_conservatory_becter,
          minivault_24
Temple:   bh_familiar_temple
Lair:1:   layout_regular_city, infiniplex_staircase_pool_2, uniq_amaemon
Lair:2:   layout_small_grid, uniq_sonja
Lair:3:   layout_roguey, elwin_shoals_entry_rocks,
          minmay_snake_entry_six_corridors, st_stairs_12, lemuel_fruit_tree
Lair:4:   layout_misc_corridors, serial_bayou_ford_a,
          chequers_serial_rivers_small_3, grunt_megastairs_3, uniq_snorg
Lair:5:   evilmike_catoblepas_cave, layout_big_grid,
          minmay_slime_entry_jelly_boxes, infiniplex_staircase_pool,
          lemuel_fruit_fields
Shoals:1: layout_shoals, uniq_jorgrun
Shoals:2: layout_shoals, ebering_ghost_reflecting_pool, st_sunken_huts,
          uniq_frances, uniq_donald, uniq_nikola
Shoals:3: layout_shoals, serial_shops, nicolae_take_the_stairs
Shoals:4: shoals_end_simple, layout_shoals
Snake:1:  layout_chambers, lemuel_oklob_altar, serial_bayou_shore_b,
          nicolae_integral_box
Snake:2:  layout_layer_cave, basic_altar, nicolae_snake_salamander_fort,
          grunt_megastairs_4, minmay_shop_star
Snake:3:  layout_onion_interference, serial_shops, shop, basic_altar,
          uniq_asterion
Snake:4:  grunt_snake_rune_serpentine_throne, layout_basic, uniq_saint_roka
Orc:1:    layout_caves
Orc:2:    st_orc_mages, layout_diamond_mine, serial_shops,
          nicolae_shop_tiny_real_fake_doors, shop,
          nicolae_shop_pleasant_corner_grove, shop_fountains
Elf:1:    elf_arrival_002, layout_loops_cross, minmay_shop_grid_forest
Elf:2:    nicolae_elf_blades_splatter_lattice
          [nicolae_vaults_blade_armed_guards], layout_geoelf_grid,
          nicolae_elf_v_pinch, uniq_zenata

Skill      XL: |  1  2  3  4  5  6  7  8  9 10 11 12 13 14 15 16 17 18 |
---------------+-------------------------------------------------------+-----
Axes           | 4 5 6 7 9 13 16 18 19 20 | 20.0
Fighting       | 4 5 12 15 16 18 20 | 20.0
Armour         | 3 6 10 11 | 11.9
Dodging        | 3 4 5 |  5.0
Evocations     | 3 8 11 12 17 | 17.5
Throwing       | 7 |  7.2
Shields        | 1 10 15 20 | 20.0

Action                     |  1- 3 |  4- 6 |  7- 9 | 10-12 | 13-15 | 16-18 | 19-21 || total
---------------------------+-------+-------+-------+-------+-------+-------+-------++-------
  Melee: Hand axe          |   102 |   138 |   137 |       |       |       |       ||   377
         Headbutt          |    13 |    26 |    50 |    97 |   272 |   265 |    12 ||   735
         Punch             |       |     1 |     3 |     7 |     6 |       |       ||    17
         War axe           |       |       |   116 |   446 |       |       |       ||   562
         Flail             |       |       |       |     6 |    47 |       |       ||    53
         Broad axe         |       |       |       |    48 |  1039 |   946 |    34 ||  2067
         Trishula          |       |       |       |       |     4 |       |       ||     4
 Invoke: Berserk           |       |     1 |     1 |     9 |     2 |     1 |       ||    14
         Trog's Hand       |       |       |     2 |     1 |     5 |       |       ||     8
         Brothers in Arms  |       |       |       |     3 |     1 |     1 |     1 ||     6
  Evoke: Phantom mirror    |       |       |       |     1 |       |       |       ||     1
    Use: Scroll            |       |       |       |    14 |    16 |    11 |     2 ||    43
         Potion            |       |       |       |     3 |       |     2 |     3 ||     8
   Stab: Distracted        |       |       |       |     1 |       |    17 |     1 ||    19
         Petrified         |       |       |       |       |     1 |       |       ||     1
         Held in net/web   |       |       |       |       |       |     1 |       ||     1
 Armour: Animal skin       |    12 |       |       |       |       |       |       ||    12
         Ring mail         |    37 |       |       |       |       |       |       ||    37
         Skin              |     3 |       |       |       |       |       |       ||     3
         Scale mail        |    18 |    86 |   178 |   125 |       |       |       ||   407
         Chain mail        |       |       |       |   132 |   202 |   377 |       ||   711
         Plate armour      |       |       |       |    49 |   527 |    17 |    52 ||   645
  Dodge: Dodged            |    74 |    83 |    95 |   168 |   285 |   152 |     5 ||   862
  Block: Other             |       |       |       |       |    25 |       |       ||    25
         Reflection        |       |       |       |       |    14 |   170 |     1 ||   185
         Buckler           |       |       |       |       |   332 |    58 |       ||   390
         Tower shield      |       |       |       |       |       |   937 |    42 ||   979

Table legend: (Time is in decaauts)
 A = Elapsed time spent in this place.
 B = Non-inter-level travel time spent in this place.
 C = Inter-level travel time spent in this place.
 D = Time resting spent in this place.
 E = Time spent auto-exploring this place.
 F = Levels seen in this place.
 G = Mean time per level.
                   A        B        C        D        E       F      G
               +--------+--------+--------+--------+--------+-----+--------+
         Total |  42421 |  39278 |   3143 |   6876 |  25387 |  35 | 1212.0 |
       Dungeon |  20443 |  18936 |   1507 |   4017 |  11593 |  15 | 1362.9 |
        Temple |    348 |    348 |      0 |    341 |      0 |   1 |  348.0 |
          Lair |   5699 |   5231 |    468 |    408 |   3967 |   5 | 1139.8 |
        Shoals |   4817 |   4569 |    248 |    810 |   2822 |   4 | 1204.2 |
     Snake Pit |   5763 |   5411 |    352 |    603 |   4029 |   4 | 1440.8 |
  Orcish Mines |   2720 |   2211 |    509 |    512 |   1284 |   2 | 1360.0 |
   Elven Halls |   1696 |   1639 |     57 |      0 |   1265 |   2 |  848.0 |
         Sewer |    203 |    203 |      0 |      0 |    155 |   1 |  203.0 |
      Gauntlet |    728 |    728 |      0 |    182 |    271 |   1 |  728.0 |
               +--------+--------+--------+--------+--------+-----+--------+

Top non-repeatable levels by time:
    D:13: 3276 daAuts
    D:11: 2163 daAuts
    D:12: 2153 daAuts
   Orc:2: 2018 daAuts
     D:9: 1900 daAuts
 Snake:4: 1785 daAuts
  Lair:5: 1627 daAuts
 Snake:1: 1601 daAuts
Shoals:4: 1592 daAuts
 Snake:2: 1366 daAuts
     D:7: 1324 daAuts
Shoals:2: 1274 daAuts
     D:6: 1247 daAuts
    D:10: 1218 daAuts
  Lair:3: 1194 daAuts
